 Dungeon Crawl Stone Soup version 0.31-a0-365-gcf821cafb2 (webtiles) character file.

Game seed: 8987874027491587619

8 EonArisen the Shield-Bearer (level 2, -1/1 HPs)
             Began as a Gargoyle Fighter on July 27, 2023.
             Slain by a rat (2 damage)
             ... on level 1 of the Dungeon.
             The game lasted 00:01:58 (179 turns).

EonArisen the Shield-Bearer (Gargoyle Fighter)       Turns: 179, Time: 00:01:59

Health: -1/1       AC:  2    Str: 19    XL:     2   Next: 8%
Magic:  2/2        EV: 11    Int:  8    God:
Gold:   9          SH:  4    Dex:  9    Spells: 1/1 levels left

rFire   . . .        a - +0 flail
rCold   . . .        c - +0 buckler
rNeg    + . .        b - melded +0 scale mail
rPois   ∞            (no helmet)
rElec   +            (no cloak)
rCorr   .            (no gloves)
SInv    .            (no boots)
Will    .....        (no amulet)
Stlth   +            (no ring)
HPRegen 0.20/turn    (no ring)
MPRegen 0.08/turn

%: no passive effects
@: maw-form
A: devouring maw, reduced hp, sickness immunity, AC +2, negative energy
resistance 1, electricity resistance, torment resistance 1, petrification
resistance
a: Begin Untransformation


You were on level 1 of the Dungeon.
You were a creature with a mouth for a stomach.
You visited 1 branch of the dungeon, and saw 1 of its levels.

You collected 9 gold pieces.

Inventory:

Hand Weapons
 a - a +0 flail (weapon)
 d - a +0 short sword
 g - a +2 whip of pain
Missiles
 e - 10 stones
Armour
 b - a +0 scale mail (melded)
 c - a +0 buckler (worn)
Talismans
 f - a maw talisman


   Skills:
 + Level 3.4 Fighting
 + Level 2.2 Maces & Flails
 + Level 3.4 Armour
 + Level 3.5 Shields


You had one spell level left.
You didn't know any spells.
Your spell library was empty.

Dungeon Overview and Level Annotations

Branches:
Dungeon (1/15)

Altars:


Innate Abilities, Weirdness & Mutations

You are a creature with a mouth for a stomach.
Your midsection houses a second, enormous mouth.
Your maximum health is decreased, since you lack skill for your form.
You are immune to sickness and miasma.
Your stone body is resilient. (AC +2)
You are immune to poison.
You resist negative energy. (rN+)
You are resistant to electric shocks. (rElec)
You are resistant to unholy torment.
You are immune to petrification.


Message History

An endoplasm comes into view.
The endoplasm quivers.
You sock the endoplasm!
You kill the endoplasm!
You feel a little less mighty now.
A kobold comes into view. It is wielding a +0 dagger.
You closely miss the kobold. The kobold barely misses you.
You sock the kobold!
You kill the kobold!
Found a stone staircase leading down.
Things that are here:
a +0 dagger; a kobold corpse An endoplasm comes into view.
You hit the endoplasm.
You kill the endoplasm!
You have reached level 2!
You open the door.
A ball python comes into view.
There is an open door here.
You hit the ball python.
You kill the ball python!
You see here a ball python corpse.
As you open the door, it creaks loudly!
There is an open door here.
Found a maw talisman.
Found a runed whip.
You see here a maw talisman.
You see here a maw talisman.
f - a maw talisman
Found a sedimented inky potion.
Found a stone staircase leading down.
You see here a +2 whip of pain.
g - a +2 whip of pain You begin transforming.
You continue transforming. x3
You turn into a creature with a mouth for a stomach.
Your +0 scale mail melds into your body.
HP restored.
A rat comes into view.
The rat bites you.
Ouch! That really hurt!
You die...

#+ #...#........
.###.##.###........
...#.#.. #........
##.#...####........
#.>.........#######
#...........#
#...........#
#....r......#
#....W......#
#...........#
#...........#
#.!.........#
#...........#
#############


You could see a rat.

Vanquished Creatures
  2 endoplasms (D:1)
  2 jackals (D:1)
  A ball python (D:1)
  A frilled lizard (D:1)
  2 kobolds (D:1)
8 creatures vanquished.

Notes
Turn   | Place    | Note
-------+----------+-------------------------------------------
     0 | D:1      | EonArisen the Gargoyle Fighter began the quest for the Orb.
     0 | D:1      | Reached XP level 1. HP: 14/14 MP: 1/1
   130 | D:1      | Reached XP level 2. HP: 19/19 MP: 2/2
   179 | D:1      | Slain by a rat

Illustrated notes

Levels and vault maps discovered:
D:1:      dpeg_arrival_prison, layout_basic, serial_shops, shop

Action                     || total
---------------------------++-------
  Melee: Flail             ||    16
    Use: Potion            ||     1
 Armour: Scale mail        ||     3
  Dodge: Dodged            ||     6
  Block: Buckler           ||     1
   Form: Maw               ||     1

Table legend: (Time is in decaauts)
 A = Elapsed time spent in this place.
 B = Non-inter-level travel time spent in this place.
 C = Inter-level travel time spent in this place.
 D = Time resting spent in this place.
 E = Time spent auto-exploring this place.
 F = Levels seen in this place.
 G = Mean time per level.
                   A        B        C        D        E       F      G
               +--------+--------+--------+--------+--------+-----+--------+
         Total |    184 |    184 |      0 |      0 |      0 |   1 |  184.0 |
       Dungeon |    184 |    184 |      0 |      0 |      0 |   1 |  184.0 |
               +--------+--------+--------+--------+--------+-----+--------+

Top non-repeatable levels by time:
     D:1: 184 daAuts
